 Dungeon Crawl Stone Soup version 0.30-a0-1050-g2766ea1e55 (webtiles) character file.

Game seed: 802648532522452159

342 nakedcarnage the Trooper (level 6, -8/46 HPs)
             Began as an Octopode Chaos Knight on Apr 11, 2023.
             Was an Initiate of Hepliaklqana.
             Mangled by Crazy Yiuf the black mamba (shapeshifter) (10 damage)
             ... on level 4 of the Dungeon.
             The game lasted 00:02:59 (2998 turns).

nakedcarnage the Trooper (Octopode Chaos Knight)    Turns: 2998, Time: 00:02:59

Health: -8/46      AC:  3    Str:  8 (9)  XL:     6   Next: 57%
Magic:  6/6        EV: 19    Int: 15 (16) God:    Hepliaklqana [......]
Gold:   242        SH:  4    Dex: 15 (16) Spells: 5/5 levels left

rFire   + . .      SeeInvis .    a - +0 spear (chaos)
rCold   . . .      Faith    .    w - +0 buckler
rNeg    . . .      Spirit   .    (helmet restricted)
rPois   .          Reflect  .    (no amulet)
rElec   .          Rampage  .    c - +6 ring of dexterity
rCorr   .                        (no ring)
Will    .....                    r - +5 ring of evasion
Stlth   ++                       n - ring of protection from fire
HPRegen 1.07/turn                (no ring)
MPRegen 0.10/turn                (no ring)
                                 (no ring)
                                 (no ring)

@: brilliant, lethally poisoned (-8 -> -15)
A: almost no armour, amphibious, 8 rings, camouflage 1, gelatinous body 1,
(nimble swimmer 1), tentacles, iridescent scales 1, clumsy 1, regeneration 1,
weak 1
a: Renounce Religion


You were on level 4 of the Dungeon.
You worshipped Hepliaklqana.
Hepliaklqana was noncommittal.
You visited 2 branches of the dungeon, and saw 5 of its levels.

You collected 242 gold pieces.

Inventory:

Hand Weapons
 a - a +0 spear of chaos (weapon)
 m - a +2 whip of distortion
Armour
 w - a +0 buckler (worn)
Jewellery
 c - a +6 ring of dexterity (left tentacle)
 d - a ring of fire
 n - a ring of protection from fire (on tentacle)
 r - a +5 ring of evasion (on tentacle)
Wands
 A - a wand of flame (21)
Scrolls
 e - 5 scrolls of teleportation {unknown}
 f - a scroll of amnesia {unknown}
 h - 6 scrolls of identify {unknown}
 i - 2 scrolls of immolation {unknown}
 k - a scroll of torment {unknown}
 l - a scroll of fog {unknown}
 p - a scroll of enchant weapon {unknown}
 q - a scroll of vulnerability {unknown}
 s - a scroll of poison {unknown}
 u - a scroll of acquirement {unknown}
 x - a scroll of brand weapon {unknown}
 y - a scroll of magic mapping {unknown}
 C - a scroll of silence {unknown}
Potions
 g - a potion of might {unknown}
 j - 2 potions of brilliance
 o - 2 potions of degeneration
 t - a potion of invisibility {unknown}
 v - a potion of lignification {unknown}
 z - a potion of attraction {unknown}
 B - a potion of flight {unknown}
Miscellaneous
 b - a piece from Xom's chessboard (15/15) (quivered)


   Skills:
 * Level 5.8 Fighting
 - Level 3.0 Polearms
 + Level 4.1 Dodging
 + Level 2.0 Shields


You had 5 spell levels left.
You didn't know any spells.
Your spell library contained the following spells:

 Spells                   Type           Power      Damage    Failure   Level
 Kiss of Death            Conj/Necr      0%         2d5       34%         1
 Necrotise                Necr           0%         1d4       34%         1
 Confusing Touch          Hex            0%         N/A       71%         3
 Dispel Undead            Necr           0%         3d6       98%         4


Dungeon Overview and Level Annotations

Branches:
Dungeon (4/15)             Temple (1/1) D:4

Altars:
Ashenzari
Cheibriados
Elyvilon
Gozag
Hepliaklqana
Kikubaaqudgha
Makhleb
Okawaru
Trog
Wu Jian
Xom
Zin
The Shining One

Annotations:
D:4 Crazy Yiuf


Innate Abilities, Weirdness & Mutations

You cannot wear most types of armour.
You are amphibious.
You can wear up to eight rings at the same time.
Your skin changes colour to match your surroundings (Stealth+).
Your rubbery body absorbs attacks. (AC +1, EV +1)
((You are camouflaged when in or above water. (Stealth+)))
You have tentacles for arms and can constrict up to eight enemies at once.
You are partially covered in iridescent scales. (AC +2)
You are clumsy. (Dex -2)
Your natural rate of healing is unusually fast.
You are weak. (Str -2)


Message History

Crazy Yiuf closely misses you. Crazy Yiuf bites you.
You are poisoned.
Crazy Yiuf poisons you!
You hit Crazy Yiuf.
Crazy Yiuf seems to slow down.
You freeze Crazy Yiuf.
You squeeze Crazy Yiuf, but do no damage.
You constrict Crazy Yiuf, but do no damage.
You feel very sick. Crazy Yiuf bites you.
You are more poisoned.
Crazy Yiuf poisons you!
You hit Crazy Yiuf.
You constrict Crazy Yiuf, but do no damage.
You feel extremely sick. Crazy Yiuf bites you!
You are lethally poisoned!
Crazy Yiuf poisons you!
You hit Crazy Yiuf. You squeeze Crazy Yiuf. You constrict Crazy Yiuf.
You feel extremely sick. Crazy Yiuf completely misses you.
You hit Crazy Yiuf but do no damage.
You squeeze Crazy Yiuf, but do no damage.
You constrict Crazy Yiuf.
* * * LOW HITPOINT WARNING * * *
You feel extremely sick. Crazy Yiuf barely misses you.
It was a potion of brilliance.
You feel clever all of a sudden.
You constrict Crazy Yiuf.
* * * LOW HITPOINT WARNING * * *
You feel very sick. Crazy Yiuf barely misses you. Crazy Yiuf misses you.
It was a potion of degeneration.
There was something very wrong with that liquid.
You feel weakened.
You feel dopey.
You feel clumsy.
You constrict Crazy Yiuf, but do no damage.
* * * LOW HITPOINT WARNING * * *
You feel very sick.
Crazy Yiuf is no longer moving slowly.
Crazy Yiuf bites you!
You die...
Xom howls with laughter!

##.....#.####....###...........
#######.# #....# ###.........
#.# ♣....♣ #......... #.#
♣♣...♣ #.######## ### ♣♣.♣♣ #.#
# ♣♣.♣ #.# # ♣.♣♣ #.# # ♣♣.♣
#.# # ♣@♣♣ #.# # #S# #.# # ...
#.# # #...# #.# # #)..# #.# #
##### #.# # #.########
#......... ##########


You could see Crazy Yiuf the black mamba shaped shifter.

Vanquished Creatures
  An ogre (D:4)
  A scorpion (D:4)
  An orc priest (D:4)
  5 adders
  2 white imps (D:4)
  3 worms
  2 dart slugs
  10 orcs
  7 endoplasms
  2 giant cockroaches
  7 goblins
  6 hobgoblins
  2 jackals (D:1)
  3 quokkas
  10 ball pythons
  4 bats
  17 kobolds
  2 rats
85 creatures vanquished.

Vanquished Creatures (others)
  10 toadstools (D:3)
10 creatures vanquished.

Grand Total: 95 creatures vanquished

Notes
Turn   | Place    | Note
-------+----------+-------------------------------------------
     0 | D:1      | nakedcarnage the Octopode Chaos Knight began the quest for
                  | the Orb.
     0 | D:1      | Reached XP level 1. HP: 16/16 MP: 1/1
   100 | D:1      | XOM: butterfly on damage
   117 | D:1      | Reached XP level 2. HP: 13/21 MP: 2/2
   206 | D:1      | XOM: divination: detect items
   478 | D:2      | Reached XP level 3. HP: 25/27 MP: 3/3
   487 | D:2      | Reached skill level 4 in Fighting
   667 | D:2      | Reached XP level 4. HP: 33/33 MP: 4/4
  1147 | D:3      | Found a faded altar of an unknown god.
  1160 | D:3      | Got Plato's Lessons on Ectoplasm
  1758 | D:4      | Reached XP level 5. HP: 38/38 MP: 5/5
  1801 | D:4      | Reached skill level 5 in Fighting
  1801 | D:4      | Reached skill level 1 in Shields
  1980 | D:4      | Found a bloodstained altar of Trog.
  2047 | D:4      | XOM: torment (21/39 hp)
  2141 | D:4      | Found a staircase to the Ecumenical Temple.
  2155 | D:4      | Reached XP level 6. HP: 35/45 MP: 6/6
  2162 | D:4      | Found an ornate altar of the Wu Jian Council.
  2166 | Temple   | Entered the Ecumenical Temple
  2378 | Temple   | Fell from the grace of Xom
  2378 | Temple   | Became a worshipper of Hepliaklqana the Forgotten
  2737 | D:4      | XOM: give mutations
  2737 | D:4      | Gained mutation: You are clumsy. (Dex -2) [Xom's mischief]
  2737 | D:4      | Gained mutation: You are weak. (Str -2) [Xom's mischief]
  2737 | D:4      | Gained mutation: You are partially covered in iridescent
                  | scales. (AC +2) [Xom's mischief]
  2737 | D:4      | Gained mutation: Your natural rate of healing is unusually
                  | fast. [Xom's mischief]
  2865 | D:4      | Found a runed translucent door.
  2866 | D:4      | Noticed Crazy Yiuf
  2990 | D:4      | Crazy Yiuf changed into Crazy Yiuf the shapeshifter
  2990 | D:4      | Noticed Crazy Yiuf (shapeshifter)
  2990 | D:4      | Crazy Yiuf the shapeshifter changed into Crazy Yiuf the
                  | black mamba
  2990 | D:4      | Noticed Crazy Yiuf (shapeshifter)
  2998 | D:4      | HP: 2/46 [poisoned by Crazy Yiuf]
  2998 | D:4      | Mangled by Crazy Yiuf the black mamba (shapeshifter)

Illustrated notes

Levels and vault maps discovered:
D:1:      dpeg_arrival_lava_temple_mockup, layout_rooms, minmay_hedge_maze
D:2:      layout_basic, kennysheep_boxes
D:3:      cheibrodos_fertilizer, layout_basic,
          shapermc_ecumenical_altar_rom_forum, minmay_shallow_snake_nest
D:4:      layout_basic, lemuel_crystal_altar, mainiacjoe_overflow_paths,
          minmay_temple_entry_statues_pillars, uniq_crazy_yiuf_cottage
Temple:   grunt_temple_mini_profane

Skill      XL: |  1  2  3  4  5  6 |
---------------+-------------------+-----
Fighting       | 4 5 |  5.8
Dodging        | 3 4 |  4.1
Shields        | 1 2 |  2.0
Polearms       | |  3.0

Action                     |  1- 3 |  4- 6 || total
---------------------------+-------+-------++-------
  Melee: Spear             |    86 |   132 ||   218
         Tentacles         |    14 |    30 ||    44
         Constrict         |    12 |    24 ||    36
         Punch             |     1 |     2 ||     3
    Use: Potion            |       |     2 ||     2
   Stab: Sleeping          |     5 |    12 ||    17
         Distracted        |     1 |     1 ||     2
         Paralysed         |       |     1 ||     1
 Armour: Skin              |     4 |     2 ||     6
  Dodge: Dodged            |    27 |    79 ||   106
  Block: Buckler           |       |     9 ||     9

Table legend: (Time is in decaauts)
 A = Elapsed time spent in this place.
 B = Non-inter-level travel time spent in this place.
 C = Inter-level travel time spent in this place.
 D = Time resting spent in this place.
 E = Time spent auto-exploring this place.
 F = Levels seen in this place.
 G = Mean time per level.
                   A        B        C        D        E       F      G
               +--------+--------+--------+--------+--------+-----+--------+
         Total |   2986 |   2902 |     84 |     86 |   2238 |   5 |  597.2 |
       Dungeon |   2712 |   2684 |     28 |     86 |   2024 |   4 |  678.0 |
        Temple |    273 |    217 |     56 |      0 |    214 |   1 |  273.0 |
               +--------+--------+--------+--------+--------+-----+--------+

Top non-repeatable levels by time:
     D:4: 982 daAuts
     D:2: 671 daAuts
     D:3: 590 daAuts
     D:1: 467 daAuts
  Temple: 273 daAuts
